Phantoms vs Thunderbirds

Created - January 15, 2023 at 19:50

Goals
1 2 3 T
Phantoms 0 2 0 2
Thunderbirds 0 5 1 6
Shots
1 2 3 T
Phantoms 15 16 8 39
Thunderbirds 12 12 16 40

1st period

No Goal

Penalties :
Drake Batherson (Spr) for Tripping (Minor) at 0:14

2nd period

1. Thunderbirds , Drake Batherson 15 (Elias Lindholm 4) at 0:04
2. Thunderbirds , Elias Lindholm 3 (Drake Batherson 13, Kirill Kaprizov 24) at 1:06
3. Thunderbirds , Dominik Kahun 9 (Petr Straka 11, Patrick Brown 18) at 2:40
4. Phantoms , Alex DeBrincat 13 (Michael Bournival 10, Nick Shore 24) at 4:38
5. Phantoms , Nick Shore 14 (Alex DeBrincat 25) at 10:37
6. Thunderbirds , Drake Batherson 16 (Elias Lindholm 5, Kirill Kaprizov 25) at 13:40
7. Thunderbirds , Kirill Kaprizov 13 (Drake Batherson 14, Radim Simek 6) at 18:57

Penalties :
No Penalty

3rd period

8. Thunderbirds , Drake Batherson 17 (Kirill Kaprizov 26, Elias Lindholm 6) at 10:12 (PP)

Penalties :
Morgan Klimchuk (Leh) for Roughing (Minor) at 10:08, Viktor Baldayev (Spr) for High sticking (Minor) at 15:58

Goalie Stats

Anton Forsberg (Leh), 15 saves from 19 shots - (0.789), L, 12-6-2, 33:40 minutes
Zachary Fucale (Leh), 19 saves from 21 shots - (0.905), 26:20 minutes
Carter Hutton (Spr), 37 saves from 39 shots - (0.949), W, 13-8-1, 60:00 minutes

Players Stats for Phantoms

Player Name              G  A  P  +/- PIM S  H  SB GA TA FO     MP     PP MP  PK MP  
------------------------------------------------------------------------------------
A.J. Greer               0  0  0   0  0   0  0  0  0  0  0/0     0:00   0:00   0:00 
Alex DeBrincat           1  1  2   1  0   4  2  0  0  0  2/4    22:01   2:06   0:04 
Anthony Angello          0  0  0   0  0   0  0  0  0  0  0/0     0:00   0:00   0:00 
Blake Heinrich           0  0  0   0  0   1  0  0  0  2  0/0    24:45   2:30   0:04 
Brendan Leipsic          0  0  0  -1  0   1  0  0  1  0  0/0     7:06   0:00   0:00 
Brenden Kichton          0  0  0   0  0   1  0  1  0  0  0/0    11:18   0:00   0:00 
Brett Murray             0  0  0   0  0   0  0  0  0  0  0/0     0:00   0:00   0:00 
Cal Foote                0  0  0   0  0   1  1  1  0  1  0/0    11:18   0:00   0:00 
Cristoval Nieves         0  0  0  -1  0   3  2  1  1  1  6/13   18:05   1:42   0:00 
David Kampf              0  0  0   0  0   0  0  0  0  0  0/0     0:10   0:10   0:00 
Devon Teows              0  0  0  -3  0   0  1  2  0  0  0/0    18:24   1:28   0:00 
Erik Nystrom             0  0  0  -2  0   1  0  2  1  0  0/0    12:38   0:00   0:00 
JC Lipon                 0  0  0  -1  0   0  1  0  0  0  0/0     7:06   0:00   0:00 
Joe Snively              0  0  0  -2  0   3  2  0  1  0  6/7    12:38   0:00   0:00 
Laurent Dauphin          0  0  0   0  0   0  0  0  0  0  0/0     0:00   0:00   0:00 
Lucas Wallmarkk          0  0  0  -1  0   0  1  0  0  0  0/3     7:06   0:00   0:00 
Matt Kiersted            0  0  0   0  0   0  0  1  0  0  0/0     5:33   0:00   0:00 
Michael Bournival        0  1  1   1  0   6  0  1  1  0  3/4    22:11   2:16   0:04 
Mikko Lehtonen           0  0  0   0  0   1  0  1  0  0  0/0     5:33   0:00   0:00 
Morgan Klimchuk          0  0  0  -1  2   7  2  1  1  1  0/0    18:04   1:42   0:00 
Nick Shore               1  1  2   1  0   4  2  0  0  0  20/42  22:07   2:16   0:00 
Nick Sorensen            0  0  0  -2  0   1  0  0  0  0  0/0    12:38   0:00   0:00 
Reid McNeill             0  0  0   0  0   2  0  0  1  0  0/0    24:45   2:30   0:04 
Rinat Valiev             0  0  0  -3  0   1  1  2  0  1  0/0    18:24   1:28   0:00 
Sven Andrighetto         0  0  0  -1  0   2  1  1  0  0  1/1    18:05   1:42   0:00 

Players Stats for Thunderbirds

Player Name              G  A  P  +/- PIM S  H  SB GA TA FO     MP     PP MP  PK MP  
------------------------------------------------------------------------------------
Dominik Kahun            1  0  1   1  0   3  0  0  1  0  0/0    16:30   0:00   0:44 
Drake Batherson          3  2  5   2  2   9  2  0  2  0  2/2    20:26   0:04   0:00 
Dylan Gambrell           0  0  0   0  0   1  0  0  0  1  3/6    11:46   0:00   0:00 
Elias Lindholm           1  3  4   2  0   6  3  0  0  0  19/38  23:00   0:04   2:05 
Filip Hronek             0  0  0   1  0   3  0  3  1  2  0/0    26:31   0:04   1:50 
Jacob Larsson            0  0  0   0  0   0  0  0  0  0  0/0    15:37   0:00   2:20 
Jerry D'Amigo            0  0  0   0  0   1  1  0  1  0  0/0     9:08   0:00   1:33 
Kale Clague              0  0  0   0  0   0  0  0  0  1  0/0    13:00   0:00   0:00 
Kirill Kaprizov          1  3  4   2  0   3  3  0  0  0  0/0    20:34   0:04   0:08 
Morgan Geekie            0  0  0   0  0   2  1  0  0  0  1/5     7:54   0:00   0:20 
Patrick Brown            0  1  1   1  0   2  2  0  0  0  10/21  16:48   0:00   1:01 
Petr Straka              0  1  1   1  0   3  1  0  1  0  0/0    15:46   0:00   0:00 
Radim Simek              0  1  1   2  0   1  1  1  0  1  0/0    20:29   0:00   2:08 
Shane Prince             0  0  0   0  0   1  0  0  0  0  1/1    11:46   0:00   0:00 
Tanner Laczynski         0  0  0   0  0   1  1  1  0  0  0/1    11:46   0:00   0:00 
Timothy Liljegren        0  0  0   2  0   1  0  1  0  1  0/0    20:10   0:04   0:51 
Tyson Jost               0  0  0   0  0   2  0  0  0  0  0/0    10:08   0:00   2:05 
Viktor Baldayev          0  0  0   1  2   1  4  4  0  1  0/0    24:41   0:00   0:47 

3 Stars

1 - Drake Batherson (Spr)
2 - Elias Lindholm (Spr)
3 - Kirill Kaprizov (Spr)

Power Play

Phantoms - 0 on 2 Attempt(s) - 0.00%
Thunderbirds - 1 on 1 Attempt(s) - 100.00%

Penalty Kill

Phantoms - 0 on 1 Attempt(s) - 0.00% - Score 0 goal in Penalty Kill
Thunderbirds - 2 on 2 Attempt(s) - 100.00% - Score 0 goal in Penalty Kill

Team Stat

Phantoms - Hits : 16 - Faceoff Wins : 38 - Blocked Shots : 14 - Penalty Minutes : 2
Thunderbirds - Hits : 19 - Faceoff Wins : 36 - Blocked Shots : 10 - Penalty Minutes : 4

Official

Referees : Gord Dwyer and Michael Markovic
Linesman : Travis Toomey and Travis Gawryletz

Game Notes

Zachary Fucale enters game at 13:40 of 2nd period
Drake Batherson has scored a Hat Trick!

Finance

Level 1 -- Attendance: 1754 (87.70%) -- Ticket Income $61,390
Level 2 -- Attendance: 1000 (100.00%) -- Ticket Income $15,000
Total Attendance: 2754 (91.80%)
Total Ticket Income: $76,390
Other Income: $3,820
Total Income: $80,210

Phantoms

5 vs 5 Forward 
   Center                   Left Wing                Right Wing               Time % Phy DF OF 
 1 Nick Shore               Michael Bournival        Alex DeBrincat           40     1   2  2  
 2 Cristoval Nieves         Morgan Klimchuk          Sven Andrighetto         30     1   2  2  
 3 Joe Snively              Erik Nystrom             Nick Sorensen            20     1   2  2  
 4 Lucas Wallmarkk          Brendan Leipsic          JC Lipon                 10     1   2  2  

5 vs 5 Defense 
   Defense                  Defense                                           Time % Phy DF OF 
 1 Reid McNeill             Blake Heinrich                                    40     1   2  2  
 2 Rinat Valiev             Devon Teows                                       30     1   2  2  
 3 Brenden Kichton          Cal Foote                                         20     1   2  2  
 4 Mikko Lehtonen           Matt Kiersted                                     10     1   2  2  

PowerPlay Forward 
   Center                   Left Wing                Right Wing               Time % Phy DF OF 
 1 Nick Shore               Michael Bournival        Alex DeBrincat           60     1   2  2  
 2 Cristoval Nieves         Morgan Klimchuk          Sven Andrighetto         40     1   2  2  

PowerPlay Defense
   Defense                  Defense                                           Time % Phy DF OF 
 1 Reid McNeill             Blake Heinrich                                    60     1   2  2  
 2 Rinat Valiev             Devon Teows                                       40     1   2  2  

Penalty Kill 4 Players Forward 
   Center                   Wing                     Time % Phy DF OF 
 1 Michael Bournival        Alex DeBrincat           60     1   2  2  
 2 Sven Andrighetto         Nick Shore               40     1   2  2  

Penalty Kill 4 Players Defense
   Defense                  Defense                  Time % Phy DF OF 
 1 Reid McNeill             Blake Heinrich           60     1   2  2  
 2 Rinat Valiev             Devon Teows              40     1   2  2  

Penalty Kill - 3 Players Forward 
   Forward                                           Time % Phy DF OF 
 1 Michael Bournival                                 60     1   2  2  
 2 Alex DeBrincat                                    40     1   2  2  

Penalty Kill - 3 Players Defense
   Defense                  Defense                  Time % Phy DF OF 
 1 Reid McNeill             Blake Heinrich           60     1   2  2  
 2 Rinat Valiev             Devon Teows              40     1   2  2  

4 vs 4 Forward 
   Center                   Wing                     Time % Phy DF OF 
 1 Michael Bournival        Alex DeBrincat           60     1   2  2  
 2 Sven Andrighetto         Nick Shore               40     1   2  2  

4 vs 4 Defense
   Defense                  Defense                  Time % Phy DF OF 
 1 Reid McNeill             Blake Heinrich           60     1   2  2  
 2 Rinat Valiev             Devon Teows              40     1   2  2  

Last Minutes Offensive
   Center                   Left Wing                Right Wing               Defense                  Defense                  
   Nick Shore               Michael Bournival        Alex DeBrincat           Reid McNeill             Blake Heinrich           

Last Minutes Defensive
   Center                   Left Wing                Right Wing               Defense                  Defense                  
   Nick Shore               Michael Bournival        Alex DeBrincat           Reid McNeill             Blake Heinrich           

Goaltenders
Starting : Anton Forsberg           
Backup : Zachary Fucale           

Extra Forwards
Normal : David Kampf, Laurent Dauphin, Anthony Angello - PP : David Kampf, Laurent Dauphin - PK : Anthony Angello
Extra Defensemen
Normal : Brenden Kichton, Cal Foote, Mikko Lehtonen - PP : Brenden Kichton - PK : Cal Foote, Mikko Lehtonen
Penalty Shots
Michael Bournival, Alex DeBrincat, Sven Andrighetto, Nick Shore, Morgan Klimchuk

Scratches
Cooper Marody (Healthy), Victor Berglund (Healthy), Fabian Zetterlund (Healthy), Riley Stillman (Healthy), Jason Kasdorf (Healthy)
Zachary Sawchenko (Healthy)

Thunderbirds

5 vs 5 Forward 
   Center                   Left Wing                Right Wing               Time % Phy DF OF 
 1 Elias Lindholm           Kirill Kaprizov          Drake Batherson          40     0   2  3  
 2 Patrick Brown            Dominik Kahun            Petr Straka              30     0   2  3  
 3 Dylan Gambrell           Shane Prince             Tanner Laczynski         20     0   2  3  
 4 Morgan Geekie            Tyson Jost               Jerry D'Amigo            10     0   2  3  

5 vs 5 Defense 
   Defense                  Defense                                           Time % Phy DF OF 
 1 Viktor Baldayev          Filip Hronek                                      40     0   2  3  
 2 Radim Simek              Timothy Liljegren                                 30     0   2  3  
 3 Kale Clague              Jacob Larsson                                     20     0   2  3  
 4 Viktor Baldayev          Filip Hronek                                      10     0   2  3  

PowerPlay Forward 
   Center                   Left Wing                Right Wing               Time % Phy DF OF 
 1 Elias Lindholm           Kirill Kaprizov          Drake Batherson          60     0   1  4  
 2 Patrick Brown            Dominik Kahun            Petr Straka              40     0   1  4  

PowerPlay Defense
   Defense                  Defense                                           Time % Phy DF OF 
 1 Filip Hronek             Timothy Liljegren                                 60     0   2  3  
 2 Kale Clague              Viktor Baldayev                                   40     0   2  3  

Penalty Kill 4 Players Forward 
   Center                   Wing                     Time % Phy DF OF 
 1 Elias Lindholm           Tyson Jost               60     1   3  1  
 2 Patrick Brown            Jerry D'Amigo            40     1   3  1  

Penalty Kill 4 Players Defense
   Defense                  Defense                  Time % Phy DF OF 
 1 Jacob Larsson            Radim Simek              60     1   4  0  
 2 Filip Hronek             Viktor Baldayev          40     1   4  0  

Penalty Kill - 3 Players Forward 
   Forward                                           Time % Phy DF OF 
 1 Tyson Jost                                        60     1   3  1  
 2 Jerry D'Amigo                                     40     1   3  1  

Penalty Kill - 3 Players Defense
   Defense                  Defense                  Time % Phy DF OF 
 1 Jacob Larsson            Radim Simek              60     1   4  0  
 2 Filip Hronek             Viktor Baldayev          40     1   4  0  

4 vs 4 Forward 
   Center                   Wing                     Time % Phy DF OF 
 1 Elias Lindholm           Kirill Kaprizov          60     0   2  3  
 2 Patrick Brown            Drake Batherson          40     0   2  3  

4 vs 4 Defense
   Defense                  Defense                  Time % Phy DF OF 
 1 Viktor Baldayev          Filip Hronek             60     0   2  3  
 2 Radim Simek              Timothy Liljegren        40     0   2  3  

Last Minutes Offensive
   Center                   Left Wing                Right Wing               Defense                  Defense                  
   Elias Lindholm           Kirill Kaprizov          Drake Batherson          Filip Hronek             Timothy Liljegren        

Last Minutes Defensive
   Center                   Left Wing                Right Wing               Defense                  Defense                  
   Elias Lindholm           Tyson Jost               Petr Straka              Radim Simek              Filip Hronek             

Goaltenders
Starting : Carter Hutton            
Backup : Phoenix Copley           

Extra Forwards
Normal : Petr Straka, Drake Batherson, Kirill Kaprizov - PP : Morgan Geekie, Kirill Kaprizov - PK : Jerry D'Amigo
Extra Defensemen
Normal : Timothy Liljegren, Filip Hronek, Radim Simek - PP : Timothy Liljegren - PK : Filip Hronek, Timothy Liljegren
Penalty Shots
Drake Batherson, Tanner Laczynski, Petr Straka, Patrick Brown, Kirill Kaprizov

Scratches
Morgan Frost (Healthy), Austin Poganski (Healthy), Adam Ruzicka (Healthy), Charles Hudon (Healthy), Griffin Reinhart (Left Foot Injury)
Jake Walman (Healthy), Matt Puempel (Healthy), Mitchell Heard (Healthy), Nicklas Jensen (Healthy), Grant Hutton (Healthy)
Roberts Lipsbergs (Healthy), Calvin Thurkauf (Healthy), Artur Kayumov (Healthy), Artyom Zagidulin (Healthy)

% Time on Ice - Phantoms

Lines # - Real PCT - Wanted PCT - Time Play
Normal Forward
1 - 35% - 40% - 19:51
2 - 29% - 30% - 16:23
3 - 23% - 20% - 12:38
4 - 13% - 10% - 7:06
Normal Defense
1 - 40% - 40% - 22:11
2 - 30% - 30% - 16:56
3 - 20% - 20% - 11:18
4 - 10% - 10% - 5:33
PP Forward
1 - 57% - 60% - 2:16
2 - 43% - 40% - 1:42
PP Defense
1 - 63% - 60% - 2:30
2 - 37% - 40% - 1:28
PK Forward
1 - 100% - 60% - 0:04
2 - 0% - 40% - 0:00
PK Defense
1 - 100% - 60% - 0:04
2 - 0% - 40% - 0:00
PK3 Forward
1 - 0% - 60%
2 - 0% - 40%
PK3 Defense
1 - 0% - 60%
2 - 0% - 40%
44 Forward
1 - 0% - 60%
2 - 0% - 40%
44 Defense
1 - 0% - 60%
2 - 0% - 40%
Last Minute Offensive  - 0:00
Last Minute Defensive  - 0:00
Total
Forward - 60:00
Defense - 60:00

% Time on Ice - Thunderbirds

Lines # - Real PCT - Wanted PCT - Time Play
Normal Forward
1 - 37% - 40% - 20:51
2 - 28% - 30% - 15:47
3 - 21% - 20% - 11:46
4 - 14% - 10% - 7:34
Normal Defense
1 - 35% - 40% - 19:43
2 - 35% - 30% - 19:20
3 - 23% - 20% - 13:00
4 - 7% - 10% - 3:55
PP Forward
1 - 100% - 60% - 0:04
2 - 0% - 40% - 0:00
PP Defense
1 - 100% - 60% - 0:04
2 - 0% - 40% - 0:00
PK Forward
1 - 74% - 60% - 2:57
2 - 26% - 40% - 1:01
PK Defense
1 - 54% - 60% - 2:08
2 - 46% - 40% - 1:50
PK3 Forward
1 - 0% - 60%
2 - 0% - 40%
PK3 Defense
1 - 0% - 60%
2 - 0% - 40%
44 Forward
1 - 0% - 60%
2 - 0% - 40%
44 Defense
1 - 0% - 60%
2 - 0% - 40%
Last Minute Offensive  - 0:00
Last Minute Defensive  - 0:00
Total
Forward - 60:00
Defense - 60:00

Play-by-Play

1st period


0:01 of 1st period - Nick Shore wins face-off versus Elias Lindholm in neutral zone.
0:14 of 1st period - Minor Penalty to Drake Batherson for Tripping.
0:15 of 1st period - Nick Shore wins face-off versus Elias Lindholm in Thunderbirds zone.
0:41 of 1st period - Blake Heinrich is hit by Radim Simek and loses puck.
1:13 of 1st period - Icing by Devon Teows.
1:14 of 1st period - Elias Lindholm wins face-off versus Cristoval Nieves in Phantoms zone.
2:14 of 1st period - Penalty to Drake Batherson is over, Drake Batherson is back on ice.
2:49 of 1st period - JC Lipon is hit by Petr Straka and loses puck.
3:14 of 1st period - Slapshot by Cristoval Nieves.
3:14 of 1st period - Deflect By Filip Hronek.
3:14 of 1st period - Stopped by Carter Hutton without a rebound.
3:15 of 1st period - Michael Bournival wins face-off versus Morgan Geekie in Thunderbirds zone.
4:16 of 1st period - Off-side.
4:17 of 1st period - Michael Bournival wins face-off versus Patrick Brown in neutral zone.
4:30 of 1st period - Wrist shot by Michael Bournival.
4:30 of 1st period - Stopped by Carter Hutton without a rebound.
4:31 of 1st period - Nick Shore wins face-off versus Elias Lindholm in Thunderbirds zone.
4:42 of 1st period - Snap shot by Drake Batherson.
4:42 of 1st period - Stopped by Anton Forsberg without a rebound.
4:43 of 1st period - Elias Lindholm wins face-off versus Cristoval Nieves in Phantoms zone.
4:44 of 1st period - Snap shot by Drake Batherson.
4:44 of 1st period - Shot Misses the Net.
4:50 of 1st period - Blake Heinrich is hit by Kirill Kaprizov and loses puck.
4:57 of 1st period - Elias Lindholm is hit by Cristoval Nieves and loses puck.
5:06 of 1st period - Sven Andrighetto is hit by Kirill Kaprizov and loses puck.
5:22 of 1st period - Wrist shot by Elias Lindholm.
5:22 of 1st period - Shot Misses the Net.
5:24 of 1st period - Snap shot by Elias Lindholm.
5:24 of 1st period - Stopped by Anton Forsberg with a rebound.
5:55 of 1st period - Wrist shot by Sven Andrighetto.
5:55 of 1st period - Stopped by Carter Hutton without a rebound.
5:56 of 1st period - Nick Shore wins face-off versus Patrick Brown in Thunderbirds zone.
6:07 of 1st period - Snap shot by Nick Shore.
6:07 of 1st period - Shot Misses the Net.
6:09 of 1st period - Snap shot by Michael Bournival.
6:09 of 1st period - Stopped by Carter Hutton with a rebound.
6:11 of 1st period - Backhand shot by Alex DeBrincat.
6:11 of 1st period - Stopped by Carter Hutton with a rebound.
6:21 of 1st period - Dominik Kahun is hit by Rinat Valiev and loses puck.
6:34 of 1st period - Snap shot by Petr Straka.
6:34 of 1st period - Shot Misses the Net.
7:06 of 1st period - Snap shot by Dominik Kahun.
7:06 of 1st period - Stopped by Anton Forsberg without a rebound.
7:07 of 1st period - Dylan Gambrell wins face-off versus Nick Shore in Phantoms zone.
7:22 of 1st period - Snap shot by Dylan Gambrell.
7:22 of 1st period - Stopped by Anton Forsberg with a rebound.
8:02 of 1st period - Snap shot by Morgan Klimchuk.
8:02 of 1st period - Stopped by Carter Hutton without a rebound.
8:03 of 1st period - Cristoval Nieves wins face-off versus Elias Lindholm in Thunderbirds zone.
8:12 of 1st period - Slapshot by Sven Andrighetto.
8:12 of 1st period - Shot Misses the Net.
8:14 of 1st period - Snap shot by Sven Andrighetto.
8:14 of 1st period - Shot Misses the Net.
8:16 of 1st period - Wrist shot by Morgan Klimchuk.
8:16 of 1st period - Stopped by Carter Hutton with a rebound.
9:36 of 1st period - Wrist shot by Drake Batherson.
9:36 of 1st period - Stopped by Anton Forsberg with a rebound.
10:00 of 1st period - Wrist shot by Morgan Klimchuk.
10:00 of 1st period - Shot Hit the Post.
10:02 of 1st period - Slapshot by Blake Heinrich.
10:02 of 1st period - Shot Misses the Net.
10:04 of 1st period - Slapshot by Blake Heinrich.
10:04 of 1st period - Stopped by Carter Hutton without a rebound.
10:05 of 1st period - Nick Shore wins face-off versus Dylan Gambrell in Thunderbirds zone.
10:12 of 1st period - Slapshot by Filip Hronek.
10:12 of 1st period - Shot Misses the Net.
10:30 of 1st period - Cal Foote is hit by Patrick Brown and loses puck.
10:41 of 1st period - Dominik Kahun is hit by Cal Foote and loses puck.
11:02 of 1st period - Wrist shot by Jerry D'Amigo.
11:02 of 1st period - Stopped by Anton Forsberg with a rebound.
11:23 of 1st period - Wrist shot by Michael Bournival.
11:23 of 1st period - Stopped by Carter Hutton with a rebound.
11:45 of 1st period - Snap shot by Nick Shore.
11:45 of 1st period - Deflect By Michael Bournival.
11:45 of 1st period - Stopped by Carter Hutton with a rebound.
11:47 of 1st period - Wrist shot by Michael Bournival.
11:47 of 1st period - Shot Misses the Net.
11:49 of 1st period - Slapshot by Alex DeBrincat.
11:49 of 1st period - Shot Misses the Net.
11:51 of 1st period - Snap shot by Alex DeBrincat.
11:51 of 1st period - Stopped by Carter Hutton without a rebound.
11:52 of 1st period - Patrick Brown wins face-off versus Lucas Wallmarkk in Thunderbirds zone.
12:01 of 1st period - Wrist shot by Patrick Brown.
12:01 of 1st period - Shot Misses the Net.
12:03 of 1st period - Snap shot by Patrick Brown.
12:03 of 1st period - Stopped by Anton Forsberg without a rebound.
12:04 of 1st period - Joe Snively wins face-off versus Dylan Gambrell in Phantoms zone.
12:04 of 1st period - Joe Snively is hit by Viktor Baldayev.
12:15 of 1st period - Off-side.
12:16 of 1st period - Patrick Brown wins face-off versus Nick Shore in neutral zone.
12:21 of 1st period - Wrist shot by Patrick Brown.
12:21 of 1st period - Stopped by Anton Forsberg without a rebound.
12:22 of 1st period - Patrick Brown wins face-off versus Nick Shore in Phantoms zone.
12:23 of 1st period - Snap shot by Petr Straka.
12:23 of 1st period - Stopped by Anton Forsberg without a rebound.
12:24 of 1st period - Nick Shore wins face-off versus Patrick Brown in Phantoms zone.
13:10 of 1st period - Slapshot by Elias Lindholm.
13:10 of 1st period - Stopped by Anton Forsberg without a rebound.
13:11 of 1st period - Elias Lindholm wins face-off versus Cristoval Nieves in Phantoms zone.
13:14 of 1st period - Slapshot by Elias Lindholm.
13:14 of 1st period - Stopped by Anton Forsberg with a rebound.
13:16 of 1st period - Slapshot by Filip Hronek.
13:16 of 1st period - Shot Misses the Net.
13:55 of 1st period - Blake Heinrich is hit by Viktor Baldayev and loses puck.
14:16 of 1st period - Snap shot by Morgan Klimchuk.
14:16 of 1st period - Stopped by Carter Hutton without a rebound.
14:17 of 1st period - Patrick Brown wins face-off versus Nick Shore in Thunderbirds zone.
15:19 of 1st period - Icing by Tyson Jost.
15:20 of 1st period - Nick Shore wins face-off versus Morgan Geekie in Thunderbirds zone.
15:21 of 1st period - Wrist shot by Alex DeBrincat.
15:21 of 1st period - Deflect By Nick Shore.
15:21 of 1st period - Stopped by Carter Hutton without a rebound.
15:22 of 1st period - Patrick Brown wins face-off versus Nick Shore in Thunderbirds zone.
15:49 of 1st period - Erik Nystrom is hit by Viktor Baldayev and loses puck.
15:58 of 1st period - Snap shot by Tanner Laczynski.
15:58 of 1st period - Stopped by Anton Forsberg without a rebound.
15:59 of 1st period - Alex DeBrincat wins face-off versus Elias Lindholm in Phantoms zone.
15:59 of 1st period - Alex DeBrincat is hit by Elias Lindholm.
16:05 of 1st period - Slapshot by Alex DeBrincat.
16:05 of 1st period - Deflect By Michael Bournival.
16:05 of 1st period - Shot Misses the Net.
16:05 of 1st period - Puck is out of play.
16:06 of 1st period - Elias Lindholm wins face-off versus Nick Shore in Thunderbirds zone.
16:37 of 1st period - Snap shot by Erik Nystrom.
16:37 of 1st period - Shot Misses the Net.
16:51 of 1st period - Joe Snively is hit by Morgan Geekie and loses puck.
17:24 of 1st period - Slapshot by Brendan Leipsic.
17:24 of 1st period - Stopped by Carter Hutton with a rebound.
17:53 of 1st period - Off-side.
17:54 of 1st period - Sven Andrighetto wins face-off versus Patrick Brown in neutral zone.
17:57 of 1st period - Snap shot by Cristoval Nieves.
17:57 of 1st period - Shot Misses the Net.
18:09 of 1st period - Snap shot by Sven Andrighetto.
18:09 of 1st period - Shot Misses the Net.
18:19 of 1st period - Nick Shore is hit by Elias Lindholm and loses puck.
18:54 of 1st period - Timothy Liljegren is hit by Lucas Wallmarkk and loses puck.
19:14 of 1st period - Snap shot by Shane Prince.
19:14 of 1st period - Shot Blocked by Cal Foote.
19:16 of 1st period - Slapshot by Timothy Liljegren.
19:16 of 1st period - Shot Misses the Net.
19:18 of 1st period - Slapshot by Radim Simek.
19:18 of 1st period - Deflect By Shane Prince.
19:18 of 1st period - Shot Misses the Net.
19:18 of 1st period - Puck is out of play.
19:19 of 1st period - Nick Shore wins face-off versus Patrick Brown in Phantoms zone.
19:24 of 1st period - Snap shot by Nick Shore.
19:24 of 1st period - Stopped by Carter Hutton with a rebound.
19:26 of 1st period - Snap shot by Reid McNeill.
19:26 of 1st period - Deflect By Michael Bournival.
19:26 of 1st period - Shot Misses the Net.
19:26 of 1st period - Puck is out of play.
19:27 of 1st period - Nick Shore wins face-off versus Patrick Brown in Thunderbirds zone.
19:34 of 1st period - Slapshot by Nick Shore.
19:34 of 1st period - Shot Misses the Net.
19:51 of 1st period - Off-side.
19:52 of 1st period - Cristoval Nieves wins face-off versus Elias Lindholm in neutral zone.
19:57 of 1st period - Elias Lindholm is hit by Sven Andrighetto and loses puck.
Goals for this period are 0 for Phantoms vs 0 for Thunderbirds.
Shots for this period are 15 for Phantoms vs 12 for Thunderbirds.

2nd period


0:01 of 2nd period - Elias Lindholm wins face-off versus Nick Shore in neutral zone.
0:04 of 2nd period - Wrist shot by Drake Batherson.
0:04 of 2nd period - Goal by Drake Batherson - Phantoms : 0 - Thunderbirds : 1.
0:05 of 2nd period - Nick Shore wins face-off versus Elias Lindholm in neutral zone.
0:12 of 2nd period - Slapshot by Alex DeBrincat.
0:12 of 2nd period - Shot Misses the Net.
0:14 of 2nd period - Snap shot by Michael Bournival.
0:14 of 2nd period - Stopped by Carter Hutton with a rebound.
0:16 of 2nd period - Snap shot by Nick Shore.
0:16 of 2nd period - Shot Misses the Net.
0:18 of 2nd period - Slapshot by Reid McNeill.
0:18 of 2nd period - Stopped by Carter Hutton with a rebound.
0:21 of 2nd period - Icing by Viktor Baldayev.
0:22 of 2nd period - Elias Lindholm wins face-off versus Joe Snively in Thunderbirds zone.
0:22 of 2nd period - Elias Lindholm is hit by Joe Snively.
0:28 of 2nd period - Rinat Valiev is hit by Viktor Baldayev and loses puck.
1:04 of 2nd period - Snap shot by Filip Hronek.
1:04 of 2nd period - Deflect By Kirill Kaprizov.
1:04 of 2nd period - Stopped by Anton Forsberg with a rebound.
1:06 of 2nd period - Snap shot by Drake Batherson.
1:06 of 2nd period - Deflect By Elias Lindholm.
1:06 of 2nd period - Goal by Elias Lindholm - Phantoms : 0 - Thunderbirds : 2.
1:07 of 2nd period - Nick Shore wins face-off versus Patrick Brown in neutral zone.
2:40 of 2nd period - Snap shot by Dominik Kahun.
2:40 of 2nd period - Goal by Dominik Kahun - Phantoms : 0 - Thunderbirds : 3.
2:41 of 2nd period - Patrick Brown wins face-off versus Alex DeBrincat in neutral zone.
3:50 of 2nd period - Timothy Liljegren is hit by Alex DeBrincat and loses puck.
4:19 of 2nd period - Wrist shot by Petr Straka.
4:19 of 2nd period - Shot Blocked by Brenden Kichton.
4:21 of 2nd period - Slapshot by Timothy Liljegren.
4:21 of 2nd period - Stopped by Anton Forsberg without a rebound.
4:22 of 2nd period - Elias Lindholm wins face-off versus Nick Shore in Phantoms zone.
4:36 of 2nd period - Snap shot by Nick Shore.
4:36 of 2nd period - Stopped by Carter Hutton with a rebound.
4:38 of 2nd period - Wrist shot by Michael Bournival.
4:38 of 2nd period - Deflect By Alex DeBrincat.
4:38 of 2nd period - Goal by Alex DeBrincat - Phantoms : 1 - Thunderbirds : 3.
4:39 of 2nd period - Nick Shore wins face-off versus Patrick Brown in neutral zone.
4:41 of 2nd period - Off-side.
4:42 of 2nd period - Patrick Brown wins face-off versus Nick Shore in neutral zone.
5:09 of 2nd period - Snap shot by Drake Batherson.
5:09 of 2nd period - Shot Misses the Net.
5:11 of 2nd period - Wrist shot by Elias Lindholm.
5:11 of 2nd period - Shot Blocked by Cristoval Nieves.
6:54 of 2nd period - Snap shot by Joe Snively.
6:54 of 2nd period - Shot Blocked by Radim Simek.
7:08 of 2nd period - Snap shot by Alex DeBrincat.
7:08 of 2nd period - Shot Misses the Net.
7:10 of 2nd period - Snap shot by Michael Bournival.
7:10 of 2nd period - Deflect By Nick Shore.
7:10 of 2nd period - Shot Misses the Net.
7:10 of 2nd period - Puck is out of play.
7:11 of 2nd period - Nick Shore wins face-off versus Tanner Laczynski in Thunderbirds zone.
7:12 of 2nd period - Slapshot by Michael Bournival.
7:12 of 2nd period - Shot Misses the Net.
7:14 of 2nd period - Snap shot by Mikko Lehtonen.
7:14 of 2nd period - Stopped by Carter Hutton without a rebound.
7:15 of 2nd period - Elias Lindholm wins face-off versus Nick Shore in Thunderbirds zone.
7:39 of 2nd period - Off-side.
7:40 of 2nd period - Cristoval Nieves wins face-off versus Patrick Brown in neutral zone.
8:08 of 2nd period - Reid McNeill is hit by Elias Lindholm and loses puck.
8:13 of 2nd period - Slapshot by Drake Batherson.
8:13 of 2nd period - Shot Misses the Net.
8:33 of 2nd period - Slapshot by Joe Snively.
8:33 of 2nd period - Stopped by Carter Hutton with a rebound.
8:35 of 2nd period - Wrist shot by Erik Nystrom.
8:35 of 2nd period - Shot Blocked by Viktor Baldayev.
8:37 of 2nd period - Slapshot by Reid McNeill.
8:37 of 2nd period - Shot Misses the Net.
8:39 of 2nd period - Slapshot by Reid McNeill.
8:39 of 2nd period - Shot Blocked by Tanner Laczynski.
8:41 of 2nd period - Slapshot by Reid McNeill.
8:41 of 2nd period - Stopped by Carter Hutton without a rebound.
8:42 of 2nd period - Cristoval Nieves wins face-off versus Elias Lindholm in Thunderbirds zone.
8:43 of 2nd period - Snap shot by Morgan Klimchuk.
8:43 of 2nd period - Stopped by Carter Hutton with a rebound.
9:07 of 2nd period - Timothy Liljegren is hit by Alex DeBrincat and loses puck.
9:35 of 2nd period - Wrist shot by Joe Snively.
9:35 of 2nd period - Stopped by Carter Hutton without a rebound.
9:36 of 2nd period - Elias Lindholm wins face-off versus Nick Shore in Thunderbirds zone.
10:02 of 2nd period - Radim Simek is hit by Morgan Klimchuk and loses puck.
10:07 of 2nd period - Wrist shot by Morgan Klimchuk.
10:07 of 2nd period - Stopped by Carter Hutton without a rebound.
10:08 of 2nd period - Patrick Brown wins face-off versus Cristoval Nieves in Thunderbirds zone.
10:37 of 2nd period - Snap shot by Nick Shore.
10:37 of 2nd period - Goal by Nick Shore - Phantoms : 2 - Thunderbirds : 3.
10:38 of 2nd period - Elias Lindholm wins face-off versus Nick Shore in neutral zone.
11:05 of 2nd period - Rinat Valiev is hit by Patrick Brown and loses puck.
11:12 of 2nd period - Wrist shot by Patrick Brown.
11:12 of 2nd period - Shot Misses the Net.
11:14 of 2nd period - Wrist shot by Petr Straka.
11:14 of 2nd period - Shot Misses the Net.
11:32 of 2nd period - Snap shot by Erik Nystrom.
11:32 of 2nd period - Shot Misses the Net.
11:34 of 2nd period - Snap shot by Joe Snively.
11:34 of 2nd period - Shot Misses the Net.
11:36 of 2nd period - Slapshot by Rinat Valiev.
11:36 of 2nd period - Stopped by Carter Hutton with a rebound.
11:56 of 2nd period - Snap shot by Morgan Geekie.
11:56 of 2nd period - Stopped by Anton Forsberg with a rebound.
11:58 of 2nd period - Slapshot by Kale Clague.
11:58 of 2nd period - Shot Misses the Net.
12:19 of 2nd period - Icing by Radim Simek.
12:20 of 2nd period - Nick Shore wins face-off versus Patrick Brown in Thunderbirds zone.
12:26 of 2nd period - Wrist shot by Nick Shore.
12:26 of 2nd period - Shot Misses the Net.
12:28 of 2nd period - Slapshot by Brenden Kichton.
12:28 of 2nd period - Stopped by Carter Hutton with a rebound.
12:36 of 2nd period - Snap shot by Nick Shore.
12:36 of 2nd period - Shot Misses the Net.
13:05 of 2nd period - Icing by Timothy Liljegren.
13:06 of 2nd period - Joe Snively wins face-off versus Elias Lindholm in Thunderbirds zone.
13:40 of 2nd period - Slapshot by Drake Batherson.
13:40 of 2nd period - Goal by Drake Batherson - Phantoms : 2 - Thunderbirds : 4.
13:40 of 2nd period - Zachary Fucale enters game.
13:41 of 2nd period - Dylan Gambrell wins face-off versus Alex DeBrincat in neutral zone.
13:51 of 2nd period - Snap shot by Alex DeBrincat.
13:51 of 2nd period - Stopped by Carter Hutton without a rebound.
13:52 of 2nd period - Elias Lindholm wins face-off versus Nick Shore in Thunderbirds zone.
14:48 of 2nd period - Snap shot by Sven Andrighetto.
14:48 of 2nd period - Shot Misses the Net.
14:50 of 2nd period - Slapshot by Morgan Klimchuk.
14:50 of 2nd period - Stopped by Carter Hutton without a rebound.
14:51 of 2nd period - Joe Snively wins face-off versus Elias Lindholm in Thunderbirds zone.
14:52 of 2nd period - Wrist shot by Nick Sorensen.
14:52 of 2nd period - Stopped by Carter Hutton without a rebound.
14:53 of 2nd period - Joe Snively wins face-off versus Elias Lindholm in Thunderbirds zone.
14:56 of 2nd period - Wrist shot by Nick Sorensen.
14:56 of 2nd period - Shot Misses the Net.
15:26 of 2nd period - Snap shot by Dominik Kahun.
15:26 of 2nd period - Stopped by Zachary Fucale with a rebound.
15:32 of 2nd period - Snap shot by Petr Straka.
15:32 of 2nd period - Stopped by Zachary Fucale with a rebound.
15:42 of 2nd period - Radim Simek is hit by Nick Shore.
17:04 of 2nd period - Icing by Devon Teows.
17:05 of 2nd period - Cristoval Nieves wins face-off versus Dylan Gambrell in Phantoms zone.
18:22 of 2nd period - Snap shot by Petr Straka.
18:22 of 2nd period - Stopped by Zachary Fucale with a rebound.
18:55 of 2nd period - Snap shot by Drake Batherson.
18:55 of 2nd period - Stopped by Zachary Fucale with a rebound.
18:57 of 2nd period - Wrist shot by Kirill Kaprizov.
18:57 of 2nd period - Goal by Kirill Kaprizov - Phantoms : 2 - Thunderbirds : 5.
18:58 of 2nd period - Elias Lindholm wins face-off versus Nick Shore in neutral zone.
19:28 of 2nd period - Wrist shot by Cristoval Nieves.
19:28 of 2nd period - Shot Blocked by Timothy Liljegren.
19:57 of 2nd period - Snap shot by Dylan Gambrell.
19:57 of 2nd period - Shot Blocked by Erik Nystrom.
19:59 of 2nd period - Slapshot by Timothy Liljegren.
19:59 of 2nd period - Shot Blocked by Devon Teows.
Goals for this period are 2 for Phantoms vs 5 for Thunderbirds.
Shots for this period are 16 for Phantoms vs 12 for Thunderbirds.

3rd period


0:01 of 3rd period - Nick Shore wins face-off versus Elias Lindholm in neutral zone.
0:04 of 3rd period - Snap shot by Reid McNeill.
0:04 of 3rd period - Shot Hit the Post.
0:06 of 3rd period - Snap shot by Nick Shore.
0:06 of 3rd period - Shot Misses the Net.
0:14 of 3rd period - Snap shot by Nick Shore.
0:14 of 3rd period - Shot Blocked by Viktor Baldayev.
0:30 of 3rd period - Filip Hronek is hit by Cristoval Nieves and loses puck.
1:11 of 3rd period - Icing by Blake Heinrich.
1:12 of 3rd period - Joe Snively wins face-off versus Morgan Geekie in Phantoms zone.
1:12 of 3rd period - Joe Snively is hit by Jerry D'Amigo.
1:32 of 3rd period - Wrist shot by Joe Snively.
1:32 of 3rd period - Shot Misses the Net.
1:34 of 3rd period - Slapshot by Joe Snively.
1:34 of 3rd period - Stopped by Carter Hutton with a rebound.
2:00 of 3rd period - Patrick Brown is hit by Nick Shore.
2:20 of 3rd period - Slapshot by Rinat Valiev.
2:20 of 3rd period - Shot Blocked by Filip Hronek.
2:22 of 3rd period - Slapshot by Rinat Valiev.
2:22 of 3rd period - Shot Misses the Net.
2:24 of 3rd period - Slapshot by Cal Foote.
2:24 of 3rd period - Stopped by Carter Hutton with a rebound.
2:26 of 3rd period - Slapshot by Brendan Leipsic.
2:26 of 3rd period - Shot Misses the Net.
2:28 of 3rd period - Slapshot by Cal Foote.
2:28 of 3rd period - Shot Blocked by Filip Hronek.
2:30 of 3rd period - Slapshot by Cal Foote.
2:30 of 3rd period - Deflect By Lucas Wallmarkk.
2:30 of 3rd period - Shot Blocked by Filip Hronek.
2:30 of 3rd period - Puck is out of play.
2:31 of 3rd period - Drake Batherson wins face-off versus Nick Shore in Thunderbirds zone.
2:38 of 3rd period - Brenden Kichton is hit by Drake Batherson and loses puck.
3:22 of 3rd period - Slapshot by Morgan Geekie.
3:22 of 3rd period - Stopped by Zachary Fucale with a rebound.
3:45 of 3rd period - Wrist shot by Joe Snively.
3:45 of 3rd period - Shot Blocked by Viktor Baldayev.
3:47 of 3rd period - Snap shot by Joe Snively.
3:47 of 3rd period - Shot Misses the Net.
4:09 of 3rd period - Wrist shot by Drake Batherson.
4:09 of 3rd period - Stopped by Zachary Fucale without a rebound.
4:10 of 3rd period - Shane Prince wins face-off versus Nick Shore in Phantoms zone.
4:55 of 3rd period - Icing by Viktor Baldayev.
4:56 of 3rd period - Morgan Geekie wins face-off versus Lucas Wallmarkk in Thunderbirds zone.
4:56 of 3rd period - Morgan Geekie is hit by JC Lipon.
5:04 of 3rd period - Wrist shot by Morgan Geekie.
5:04 of 3rd period - Deflect By Tyson Jost.
5:04 of 3rd period - Stopped by Zachary Fucale with a rebound.
5:08 of 3rd period - Wrist shot by Jerry D'Amigo.
5:08 of 3rd period - Shot Misses the Net.
5:22 of 3rd period - Snap shot by Drake Batherson.
5:22 of 3rd period - Shot Blocked by Mikko Lehtonen.
5:24 of 3rd period - Snap shot by Kirill Kaprizov.
5:24 of 3rd period - Stopped by Zachary Fucale without a rebound.
5:25 of 3rd period - Drake Batherson wins face-off versus Nick Shore in Phantoms zone.
5:31 of 3rd period - Snap shot by Drake Batherson.
5:31 of 3rd period - Stopped by Zachary Fucale without a rebound.
5:32 of 3rd period - Elias Lindholm wins face-off versus Nick Shore in Phantoms zone.
5:46 of 3rd period - Snap shot by Nick Shore.
5:46 of 3rd period - Shot Blocked by Viktor Baldayev.
5:48 of 3rd period - Wrist shot by Michael Bournival.
5:48 of 3rd period - Shot Misses the Net.
7:00 of 3rd period - Wrist shot by Morgan Geekie.
7:00 of 3rd period - Shot Misses the Net.
7:02 of 3rd period - Snap shot by Elias Lindholm.
7:02 of 3rd period - Stopped by Zachary Fucale without a rebound.
7:03 of 3rd period - Elias Lindholm wins face-off versus Nick Shore in Phantoms zone.
7:06 of 3rd period - Wrist shot by Elias Lindholm.
7:06 of 3rd period - Shot Misses the Net.
7:08 of 3rd period - Slapshot by Filip Hronek.
7:08 of 3rd period - Shot Blocked by Rinat Valiev.
7:10 of 3rd period - Slapshot by Filip Hronek.
7:10 of 3rd period - Shot Blocked by Michael Bournival.
7:12 of 3rd period - Slapshot by Filip Hronek.
7:12 of 3rd period - Stopped by Zachary Fucale with a rebound.
7:14 of 3rd period - Wrist shot by Filip Hronek.
7:14 of 3rd period - Shot Blocked by Rinat Valiev.
7:16 of 3rd period - Wrist shot by Elias Lindholm.
7:16 of 3rd period - Stopped by Zachary Fucale with a rebound.
7:18 of 3rd period - Wrist shot by Filip Hronek.
7:18 of 3rd period - Deflect By Michael Bournival.
7:18 of 3rd period - Stopped by Zachary Fucale without a rebound.
7:19 of 3rd period - Cristoval Nieves wins face-off versus Patrick Brown in Phantoms zone.
7:24 of 3rd period - Wrist shot by Cristoval Nieves.
7:24 of 3rd period - Stopped by Carter Hutton with a rebound.
7:46 of 3rd period - Viktor Baldayev is hit by Joe Snively and loses puck.
8:30 of 3rd period - Snap shot by Tyson Jost.
8:30 of 3rd period - Shot Misses the Net.
8:36 of 3rd period - Snap shot by Tyson Jost.
8:36 of 3rd period - Stopped by Zachary Fucale without a rebound.
8:37 of 3rd period - Elias Lindholm wins face-off versus Nick Shore in Phantoms zone.
9:26 of 3rd period - Wrist shot by Cristoval Nieves.
9:26 of 3rd period - Deflect By Sven Andrighetto.
9:26 of 3rd period - Stopped by Carter Hutton without a rebound.
9:27 of 3rd period - Patrick Brown wins face-off versus Cristoval Nieves in Thunderbirds zone.
9:38 of 3rd period - Snap shot by Morgan Klimchuk.
9:38 of 3rd period - Stopped by Carter Hutton without a rebound.
9:39 of 3rd period - Elias Lindholm wins face-off versus Cristoval Nieves in Thunderbirds zone.
9:46 of 3rd period - Wrist shot by Kirill Kaprizov.
9:46 of 3rd period - Deflect By Morgan Klimchuk.
9:46 of 3rd period - Shot Misses the Net.
9:46 of 3rd period - Puck is out of play.
9:47 of 3rd period - Elias Lindholm wins face-off versus Cristoval Nieves in Phantoms zone.
9:52 of 3rd period - Backhand shot by Kirill Kaprizov.
9:52 of 3rd period - Shot Blocked by Morgan Klimchuk.
9:54 of 3rd period - Snap shot by Drake Batherson.
9:54 of 3rd period - Shot Misses the Net.
9:56 of 3rd period - Snap shot by Filip Hronek.
9:56 of 3rd period - Deflect By Cristoval Nieves.
9:56 of 3rd period - Stopped by Zachary Fucale with a rebound.
9:58 of 3rd period - Snap shot by Viktor Baldayev.
9:58 of 3rd period - Shot Misses the Net.
10:00 of 3rd period - Wrist shot by Viktor Baldayev.
10:00 of 3rd period - Stopped by Zachary Fucale with a rebound.
10:02 of 3rd period - Snap shot by Viktor Baldayev.
10:02 of 3rd period - Shot Misses the Net.
10:08 of 3rd period - Minor Penalty to Morgan Klimchuk for Roughing.
10:09 of 3rd period - Elias Lindholm wins face-off versus Michael Bournival in Phantoms zone.
10:12 of 3rd period - Snap shot by Drake Batherson.
10:12 of 3rd period - Goal by Drake Batherson - Phantoms : 2 - Thunderbirds : 6.
10:13 of 3rd period - Nick Shore wins face-off versus Elias Lindholm in neutral zone.
10:15 of 3rd period - Off-side.
10:16 of 3rd period - Nick Shore wins face-off versus Elias Lindholm in neutral zone.
10:19 of 3rd period - Slapshot by Reid McNeill.
10:19 of 3rd period - Shot Misses the Net.
11:19 of 3rd period - Snap shot by Cristoval Nieves.
11:19 of 3rd period - Stopped by Carter Hutton with a rebound.
12:09 of 3rd period - Snap shot by Jerry D'Amigo.
12:09 of 3rd period - Shot Blocked by Sven Andrighetto.
12:11 of 3rd period - Wrist shot by Morgan Geekie.
12:11 of 3rd period - Shot Misses the Net.
12:34 of 3rd period - Off-side.
12:35 of 3rd period - Nick Shore wins face-off versus Elias Lindholm in neutral zone.
12:45 of 3rd period - Slapshot by Michael Bournival.
12:45 of 3rd period - Stopped by Carter Hutton without a rebound.
12:46 of 3rd period - Michael Bournival wins face-off versus Elias Lindholm in Thunderbirds zone.
13:11 of 3rd period - Dominik Kahun is hit by Devon Teows and loses puck.
13:38 of 3rd period - Lucas Wallmarkk is hit by Tanner Laczynski and loses puck.
14:00 of 3rd period - Off-side.
14:01 of 3rd period - Nick Shore wins face-off versus Morgan Geekie in neutral zone.
14:16 of 3rd period - Snap shot by Jerry D'Amigo.
14:16 of 3rd period - Shot Misses the Net.
14:18 of 3rd period - Wrist shot by Tyson Jost.
14:18 of 3rd period - Shot Misses the Net.
14:20 of 3rd period - Wrist shot by Morgan Geekie.
14:20 of 3rd period - Shot Misses the Net.
14:22 of 3rd period - Snap shot by Radim Simek.
14:22 of 3rd period - Stopped by Zachary Fucale without a rebound.
14:23 of 3rd period - Joe Snively wins face-off versus Elias Lindholm in Phantoms zone.
14:33 of 3rd period - Matt Kiersted is hit by Drake Batherson and loses puck.
14:50 of 3rd period - Wrist shot by Dylan Gambrell.
14:50 of 3rd period - Shot Blocked by Matt Kiersted.
14:52 of 3rd period - Slapshot by Radim Simek.
14:52 of 3rd period - Shot Blocked by Erik Nystrom.
14:54 of 3rd period - Snap shot by Shane Prince.
14:54 of 3rd period - Stopped by Zachary Fucale with a rebound.
15:21 of 3rd period - Snap shot by Joe Snively.
15:21 of 3rd period - Shot Misses the Net.
15:41 of 3rd period - Slapshot by Dominik Kahun.
15:41 of 3rd period - Deflect By Petr Straka.
15:41 of 3rd period - Shot Blocked by Devon Teows.
15:41 of 3rd period - Puck is out of play.
15:42 of 3rd period - Elias Lindholm wins face-off versus Nick Shore in Phantoms zone.
15:47 of 3rd period - Wrist shot by Drake Batherson.
15:47 of 3rd period - Stopped by Zachary Fucale without a rebound.
15:48 of 3rd period - Alex DeBrincat wins face-off versus Elias Lindholm in Phantoms zone.
15:58 of 3rd period - Minor Penalty to Viktor Baldayev for High sticking.
15:59 of 3rd period - Nick Shore wins face-off versus Elias Lindholm in Thunderbirds zone.
16:25 of 3rd period - Radim Simek is hit by Morgan Klimchuk and loses puck.
17:52 of 3rd period - Blake Heinrich is hit by Kirill Kaprizov.
17:58 of 3rd period - Penalty to Viktor Baldayev is over, Viktor Baldayev is back on ice.
18:12 of 3rd period - Wrist shot by Viktor Baldayev.
18:12 of 3rd period - Shot Misses the Net.
18:42 of 3rd period - Icing by Filip Hronek.
18:43 of 3rd period - Dylan Gambrell wins face-off versus Lucas Wallmarkk in Thunderbirds zone.
19:18 of 3rd period - Wrist shot by Cristoval Nieves.
19:18 of 3rd period - Shot Misses the Net.
19:52 of 3rd period - Backhand shot by Erik Nystrom.
19:52 of 3rd period - Stopped by Carter Hutton with a rebound.
19:54 of 3rd period - Slapshot by Blake Heinrich.
19:54 of 3rd period - Deflect By Erik Nystrom.
19:54 of 3rd period - Shot Misses the Net.
19:54 of 3rd period - Puck is out of play.
19:55 of 3rd period - Patrick Brown wins face-off versus Nick Shore in Thunderbirds zone.
Goals for this period are 0 for Phantoms vs 1 for Thunderbirds.
Shots for this period are 8 for Phantoms vs 16 for Thunderbirds. Output by the SimonT Hockey Simulator (STHS) for Francois Prevost - Original Page W3C HTML5 Valid
Hockey Simulator - Hockey Simulation - Hockey Manager